 Dungeon Crawl Stone Soup version 0.15-a0-1579-gd26fec2 (console) character file.

228 Money the Insei (level 5, -1/27 HPs)
             Began as a Spriggan Monk on June 19, 2014.
             Was a Believer of Cheibriados.
             Slain by an iguana (4 damage)
             ... on Level 4 of the Dungeon.
             The game lasted 00:06:40 (1112 turns).

Money the Insei (Spriggan Monk)                     Turns: 1112, Time: 00:06:41

HP  -1/27        AC  2     Str 12      XL: 5   Next: 70%
MP   7/10        EV 21     Int 15      God: Cheibriados [**....]
Gold 7           SH  0     Dex 23      Spells:  0 memorised,  4 levels left

rFire  . . .     SeeInvis +       - Unarmed
rCold  . . .     Clarity  .     a - +0 robe
rNeg   . . .     rCorr    .     (shield restricted)
rPois  .         rRot     .     (helmet restricted)
rElec  .         Spirit   .     (no cloak)
SustAb .         Warding  .     (gloves unavailable)
rMut   .         Stasis   .     (boots unavailable)
Gourm  .                        (no amulet)
MR     .....                    (no ring)
                                (no ring)

@: not resistant to hostile enchantments, fairly stealthy
A: unfitting armour, see invisible, herbivore 3, speed 3, slow metabolism 2
a: Bend Time, Renounce Religion


You were on level 4 of the Dungeon.
You worshipped Cheibriados.
Cheibriados was pleased with you.
You were not hungry.

You visited 1 branch of the dungeon, and saw 5 of its levels.

You collected 133 gold pieces.
You spent 126 gold pieces at shops.

Inventory:

Armour
 a - a +0 robe (worn)
 c - the +3 leather armour "Qongacaa" {Str+4 Dex+3, unknown}
   (You found it on level 5 of the Dungeon)

   It affects your strength (+4).
   It affects your dexterity (+3).
Comestibles
 m - 2 bread rations
Scrolls
 d - a scroll of amnesia {unknown}
 e - 3 scrolls of fog
 f - 3 scrolls of immolation
 i - 2 scrolls of teleportation {unknown}
 k - a scroll of enchant armour {unknown}
 l - a scroll of random uselessness {unknown}
 n - a scroll of enchant weapon {unknown}
 o - a scroll of blinking
Potions
 b - a potion of porridge
 g - a potion of agility {unknown}


   Skills:
 - Level 2.4 Fighting
 - Level 4.4 Dodging
 - Level 3.0 Stealth
 + Level 5.8 Unarmed Combat
 * Level 0.0 Invocations


You had 4 spell levels left.
You didn't know any spells.

Dungeon Overview and Level Annotations

Branches:
Dungeon (5/15)
 Temple: D:4-7

Altars:
Cheibriados
Dithmenos
Gozag
Kikubaaqudgha
Makhleb
Xom

Shops:
D:4 ?


Innate Abilities, Weirdness & Mutations

You are tiny and cannot use many weapons and most armour.
You have supernaturally acute eyesight.
You are a herbivore.
You cover ground extremely quickly.
You need consume almost no food.


Message History

That apricot was delicious!
Eat which item? (? for menu, Esc to quit)
That choko was very bland.
The iguana misses you.
Use which ability? (? or * to list)
The flow of time bends around you.
Cheibriados rebukes the iguana.
The iguana seems to slow down.
You feel slightly more hungry.
Press: ? - help, v - describe, . - travel
Here: an iguana (slow)
The floor.
Unknown command.
You hit the iguana.
The iguana is moderately wounded.
The iguana bites you!
* * * LOW HITPOINT WARNING * * *
You hit the iguana.
The iguana is heavily wounded.
The iguana bites you.
You die...

### ################.#
.................#
#.##############.# #.# #.# #.#
#.# #.###### #@# ### #......# #l#
####..
######.#########.###########.....
#.....>(.......................
#.##.#.........................
###.##.#'#<........#####.........
#...##.............# #.###.....
#.####.............# #.# ####..
...................# #.# #..


You could see an iguana.

Vanquished Creatures
  A centaur (D:5)
  A giant frog (D:5)
  A hound (D:4)
  A worker ant (D:5)
  2 adders
  2 giant geckos
  An orc (D:4)
  3 bats
  2 giant cockroaches (D:3)
  3 goblins (D:5)
  2 hobgoblins
  A quokka (D:4)
  A goblin skeleton (D:4)
  3 kobolds
  4 rats
28 creatures vanquished.

Notes
Turn   | Place    | Note
--------------------------------------------------------------
     0 | D:1      | Money, the Spriggan Monk, began the quest for the Orb.
     0 | D:1      | Reached XP level 1. HP: 11/11 MP: 2/2
    49 | D:2      | Reached XP level 2. HP: 16/16 MP: 4/4
   269 | D:4      | Reached XP level 3. HP: 16/19 MP: 6/6
   300 | D:4      | Found Uheadoel's Magic Scroll Emporium.
   318 | D:4      | Found a shadowy altar of Dithmenos.
   523 | D:4      | Bought a scroll of blinking for 82 gold pieces
   637 | D:5      | Entered Level 5 of the Dungeon
   638 | D:5      | Found a shadowy altar of Dithmenos.
   656 | D:5      | Reached XP level 4. HP: 18/23 MP: 8/8
   705 | D:5      | Got a bloodstained leather armour
   709 | D:5      | Found an ancient bone altar of Kikubaaqudgha.
   710 | D:5      | Noticed a centaur
   728 | D:5      | Killed a centaur
   728 | D:5      | Reached skill level 5 in Unarmed Combat
   728 | D:5      | Reached XP level 5. HP: 10/27 MP: 10/10
   735 | D:5      | Found a snail-covered altar of Cheibriados.
   736 | D:5      | Found a burning altar of Makhleb.
   736 | D:5      | Found an opulent altar of Gozag.
   741 | D:5      | Found a shimmering altar of Xom.
   749 | D:5      | Became a worshipper of Cheibriados the Contemplative
   787 | D:5      | Noticed a giant frog
   804 | D:5      | Killed a giant frog
   850 | D:5      | HP: 1/27 [rat (1)]
  1007 | D:4      | Bought a scroll of fog for 22 gold pieces
  1007 | D:4      | Bought a scroll of fog for 22 gold pieces
  1027 | D:5      | Noticed a sky beast
  1112 | D:4      | Slain by an iguana

Action                   |  1- 3 |  4- 6 || total
-------------------------+-------+-------++-------
Melee: Unarmed           |    74 |    36 ||   110
Invok: Bend Time         |       |     1 ||     1
  Use: Potion            |       |     4 ||     4
       Scroll            |       |     3 ||     3
 Stab: Sleeping          |     7 |     1 ||     8
